 Dungeon Crawl Stone Soup version 0.22.0-13-g43fe8f2 (webtiles) character file.

2955 brik the Cruncher (level 9, 0/102 HPs)
             Began as a Minotaur Gladiator on Aug 16, 2018.
             Was a Priest of Okawaru.
             Slain by a cyclops (20 damage)
             ... on level 7 of the Dungeon.
             The game lasted 00:15:06 (5178 turns).

brik the Cruncher (Minotaur Gladiator)              Turns: 5178, Time: 00:15:06

Health: 0/102      AC: 24    Str: 20    XL:     9   Next: 52%
Magic:  0/8        EV:  2    Int:  5    God:    Okawaru [***...]
Gold:   359        SH:  0    Dex: 14    Spells: 8/8 levels left

rFire    . . .     SeeInvis .   F - +0 quarterstaff (speed)
rCold    . . .     Gourm    .   (shield currently unavailable)
rNeg     + + +     Faith    .   (armour currently unavailable)
rPois    +         Spirit   +   (helmet currently unavailable)
rElec    .         Reflect  .   (cloak currently unavailable)
rCorr    .         Harm     .   (gloves currently unavailable)
MR       .....     NoTele   +   (boots currently unavailable)
Stlth    +.........             p - amulet of guardian spirit
HPRegen  0.27/turn              J - +3 ring of evasion
MPRegen  0.11/turn              (no ring)

@: tree-form
A: (retaliatory headbutt)
a: Heroism, Renounce Religion


You were on level 7 of the Dungeon.
You worshipped Okawaru.
Okawaru was most pleased with you.
You were not hungry.
You were a tree.
You visited 1 branch of the dungeon, and saw 7 of its levels.

You collected 359 gold pieces.

Inventory:

Hand Weapons
 a - a +0 quarterstaff
 c - a +2 quarterstaff of chaos
 F - a +0 quarterstaff of speed (weapon)
Missiles
 d - 3 throwing nets (quivered)
 t - 12 poisoned needles
 u - 4 curare-tipped needles
 x - 2 needles of confusion
Armour
 e - a +0 cloak (melded)
 z - a +1 hat (melded)
 B - a +0 plate armour (melded)
Jewellery
 p - an amulet of guardian spirit (around neck)
 J - a +3 ring of evasion (left branch)
Wands
 b - a wand of random effects (23)
 w - a wand of enslavement (11)
 y - a wand of iceblast (9)
 A - a wand of flame (23)
Scrolls
 g - a scroll of acquirement {unknown}
 h - 3 scrolls of teleportation
 j - 2 scrolls of amnesia
 q - 4 scrolls of identify
 r - 6 scrolls of remove curse
 D - 2 scrolls of fear
 E - a scroll of enchant armour
Potions
 i - 2 potions of haste
 k - a potion of lignification
 l - 4 potions of magic {unknown}
 m - a potion of heal wounds {unknown}
 n - a potion of invisibility {unknown}
 o - 2 potions of agility {unknown}
 s - a potion of flight {unknown}
 v - a potion of resistance {unknown}
 G - a potion of curing {unknown}
Comestibles
 f - 8 rations
 C - 11 chunks of flesh


   Skills:
 - Level 2.4 Fighting
 + Level 10.5 Staves
 - Level 2.0 Throwing
 + Level 8.7 Armour
 + Level 8.7 Dodging


You had 8 spell levels left.
You didn't know any spells.
Your spell library was empty.

Dungeon Overview and Level Annotations

Branches:
Dungeon (7/15)             Temple (0/1) D:4

Altars:
Elyvilon
Kikubaaqudgha
Okawaru
Qazlal
Vehumet
Wu Jian


Innate Abilities, Weirdness & Mutations

((You reflexively headbutt those who attack you in melee.))
((You have a pair of horns on your head.))


Message History

You hit the cyclops but do no damage.
The cyclops is heavily wounded.
You hit the cyclops.
The cyclops is heavily wounded.
The cyclops barely misses you.
You completely miss the cyclops.
The cyclops is heavily wounded.
You hit the cyclops.
The cyclops is heavily wounded.
The cyclops hits you but does no damage.
You hit the cyclops but do no damage.
The cyclops is heavily wounded.
You thump the cyclops!
The cyclops is severely wounded.
You hit the cyclops.
The cyclops is severely wounded.
You sock the cyclops!
The cyclops is almost dead.
The cyclops hits you!!
You die...

#.............##..##
#.).................
#...................
####................>.^
..................#....
######(.............#####
......(.................. #
#####(......(.....###### .#
#.C♣..........# o. #####
#.#########.### #. ##...##
#(# #.# #.###.....# #.# #.#
#.(o...# #†# #.# o[##C..# #)#
#.# #. ##).## .#)# #.# ..
#.o.###..#)#########.########
.#
##.......#...................


You could see a cyclops.

Vanquished Creatures
  A two-headed ogre (D:6)
  Duvessa (D:6)
  A porcupine (D:7)
  2 orc warriors (D:7)
  A sky beast (D:7)
  A black bear (D:4)
  A phantom (D:7)
  2 ogres
  2 centaurs
  A bullfrog (D:7)
  Dowan (D:6)
  2 scorpions
  5 wights (D:6)
  2 howler monkeys
  A bullfrog zombie (D:7)
  A centaur zombie (D:3)
  3 bullfrog skeletons
  3 orc priests
  A hound (D:7)
  Crazy Yiuf (D:6)
  2 centaur skeletons
  An iguana (D:7)
  Ijyb (D:3)
  2 worker ants
  6 orc wizards
  A hound skeleton (D:6)
  Robin (D:2)
  4 gnolls (D:7)
  6 adders
  2 howler monkey skeletons
  An adder skeleton (D:6)
  2 worms
  5 dart slugs
  A leopard gecko (D:5)
  6 orcs
  A ball python (D:2)
  7 giant cockroaches
  13 goblins
  6 hobgoblins
  7 jackals
  14 kobolds
  4 quokkas
  12 bats
  6 frilled lizards
  A jackal skeleton (D:4)
  7 rats
152 creatures vanquished.

Notes
Turn   | Place    | Note
-------+----------+-------------------------------------------
     0 | D:1      | brik the Minotaur Gladiator began the quest for the Orb.
     0 | D:1      | Reached XP level 1. HP: 18/18 MP: 0/0
   215 | D:1      | Reached skill level 4 in Staves
   274 | D:1      | Reached XP level 2. HP: 25/25 MP: 1/1
   424 | D:1      | Reached skill level 5 in Staves
   469 | D:1      | Reached XP level 3. HP: 30/30 MP: 2/2
   780 | D:2      | Noticed Robin
  1041 | D:2      | Killed Robin
  1135 | D:2      | Reached XP level 4. HP: 34/37 MP: 3/3
  1170 | D:2      | Reached skill level 6 in Staves
  1170 | D:2      | Reached skill level 1 in Armour
  1315 | D:2      | Found a faded altar of an unknown god.
  1348 | D:2      | Found a radiant altar of Vehumet.
  1648 | D:3      | Noticed Ijyb
  1659 | D:3      | Reached XP level 5. HP: 35/42 MP: 2/4
  1684 | D:3      | Killed Ijyb
  2152 | D:3      | Found an iron altar of Okawaru.
  2159 | D:3      | Became a worshipper of Warmaster Okawaru
  2460 | D:4      | Found a staircase to the Ecumenical Temple.
  2521 | D:4      | Noticed a black bear
  2533 | D:4      | Reached XP level 6. HP: 42/50 MP: 3/5
  2540 | D:4      | Reached skill level 7 in Staves
  3033 | D:5      | Entered Level 5 of the Dungeon
  3034 | D:5      | Reached skill level 5 in Dodging
  3041 | D:4      | Reached * piety under Okawaru
  3046 | D:5      | Reached XP level 7. HP: 56/56 MP: 6/6
  3093 | D:5      | Found a stormy altar of Qazlal.
  3105 | D:5      | Found an ancient bone altar of Kikubaaqudgha.
  3629 | D:6      | Got a jewelled hand axe
  3630 | D:6      | Identified the +5 hand axe "Hiokus" {chop, MP+9} (You found it on level 6 of the Dungeon)
  3681 | D:6      | Reached skill level 8 in Staves
  3681 | D:6      | Reached skill level 5 in Armour
  3744 | D:6      | Noticed Dowan
  3744 | D:6      | Noticed Duvessa
  3758 | D:6      | Noticed a two-headed ogre
  3770 | D:6      | Killed a two-headed ogre
  3770 | D:6      | Reached ** piety under Okawaru
  3770 | D:6      | Reached skill level 9 in Staves
  3770 | D:6      | Reached XP level 8. HP: 33/62 MP: 3/7
  3776 | D:6      | Killed Duvessa
  3786 | D:6      | Killed Dowan
  4230 | D:6      | Found a runed door.
  4235 | D:6      | Noticed Crazy Yiuf
  4238 | D:6      | Killed Crazy Yiuf
  4491 | D:7      | Reached XP level 9. HP: 68/68 MP: 8/8
  4503 | D:7      | Reached *** piety under Okawaru
  4663 | D:7      | Found a white marble altar of Elyvilon.
  4663 | D:7      | Found an ornate altar of the Wu Jian Council.
  4922 | D:7      | Reached skill level 10 in Staves
  5073 | D:7      | Noticed a cyclops
  5178 | D:7      | Slain by a cyclops

Skill      XL: |  1  2  3  4  5  6  7  8  9 |
---------------+----------------------------+-----
Staves         | 4 5 6 7 9 10 | 10.5
Armour         | 1 3 4 6 7 8 |  8.7
Dodging        | 4 5 7 8 |  8.7
Fighting       | |  2.4
Throwing       | |  2.0

Action                   |  1- 3 |  4- 6 |  7- 9 || total
-------------------------+-------+-------+-------++-------
Melee: Quarterstaff      |    71 |   118 |   245 ||   434
       Headbutt          |    12 |    23 |    52 ||    87
Invok: Heroism           |       |       |     3 ||     3
  Use: Scroll            |       |       |    11 ||    11
       Potion            |       |       |     1 ||     1
  Eat: Chunk             |     1 |     6 |     7 ||    14
Armor: Leather armour    |    20 |    18 |       ||    38
       Plate armour      |       |    20 |    56 ||    76
       Skin              |       |       |     2 ||     2
Dodge: Dodged            |    48 |    57 |    92 ||   197
